 Dungeon Crawl Stone Soup version 0.31.0-11-ge490571c62 (webtiles) character file.

Game seed: 13471926499199238580

142 qw the Skirmisher (level 5, -5/29 HPs)
             Began as a Deep Elf Hunter on Feb 4, 2024.
             Killed by divine providence
             ... invoked by an orc priest
              (13 damage)
             ... on level 4 of the Dungeon.
             The game lasted 00:00:07 (2619 turns).

qw the Skirmisher (Deep Elf Hunter)                 Turns: 2619, Time: 00:00:08

Health: -5/29      AC:  6    Str: 10    XL:     5   Next: 3%
Magic:  7/7        EV: 11    Int: 14    God:
Gold:   184        SH:  5    Dex: 18    Spells: 4/4 levels left

rFire   . . .        a - +0 shortbow (heavy)
rCold   . . .        (shield currently unavailable)
rNeg    . . .        f - +0 ring mail
rPois   .            c - +0 helmet
rElec   .            (no cloak)
rCorr   .            (no gloves)
SInv    .            (no boots)
Will    .....        h - amulet of reflection
Stlth   +            (no ring)
HPRegen 0.24/turn    (no ring)
MPRegen 0.10/turn

%: reflection
@: about to teleport
A: no striking features
a: no special abilities


You were on level 4 of the Dungeon.
You visited 1 branch of the dungeon, and saw 4 of its levels.

You collected 184 gold pieces.


   Skills:
 - Level 1.5 Fighting
 + Level 8.4 Ranged Weapons
 - Level 2.4 Dodging
 - Level 1.2 Stealth


You had 4 spell levels left.
You didn't know any spells.
Your spell library was empty.

Inventory:

Hand Weapons
 a - a +0 heavy shortbow (weapon)
Armour
 c - a +0 helmet (worn)
 f - a +0 ring mail (worn)
Jewellery
 h - an amulet of reflection (around neck)
Scrolls
 b - a scroll of fear {unknown}
 d - 4 scrolls of identify
Potions
 g - a potion of heal wounds

Dungeon Overview and Level Annotations

Branches:
Dungeon (4/15)
 Temple: D:4-7

Altars:


Message History

g - a potion of heal wounds You now have 184 gold pieces (gained 17).
An endoplasm comes into view.
The endoplasm moves out of view.
Enter note: You shoot an arrow.
The arrow hits the endoplasm!
You kill the endoplasm!
Found a robe.
Found a book of Spontaneous Combustion.
Found a stone staircase leading down.
There is a stone staircase leading down here.
A goblin comes into view. It is wielding a +0 dagger.
You shoot an arrow. The arrow completely misses the goblin.
You shoot an arrow. The arrow hits the goblin!
You kill the goblin!
You see here a +0 dagger.
An orc is nearby!
Enter note: You shoot an arrow.
The orc shouts!
The arrow hits the orc.
The orc is severely wounded.
You shoot an arrow. The arrow barely misses the orc.
You shoot an arrow. The arrow hits the orc!
You kill the orc!
You see here a +0 dagger.
You shoot an arrow. The arrow hits the orc priest!
The orc priest is almost dead.
The orc priest mumbles some strange prayers to Beogh against you.
Beogh smites you!
2617 ||| FLEEEEING.
The orc priest calls down the wrath of Beogh upon you.
Beogh smites you!
2618 ||| READING scroll of teleportation.
As you read the scroll of teleportation, it crumbles to dust.
You feel strangely unstable.
2619 ||| FLEEEEING.
The orc priest mumbles some strange prayers to Beogh against you.
Beogh smites you!
You die...

.# ##.###.# #.# .# #.
#.# #.### .# #. ..#
#...# .# #. #.# #)#.# .#
#. #.# #.#.# #########
.. ..
#.#######.#.####........
.#
#.........#......###)###
#####.############ #.
#..@......o.. #)
############. #. #o #o
#.


You could see an orc priest.

Vanquished Creatures
  Jessica (D:2)
  Robin (D:2)
  2 adders
  3 ribbon worms
  2 dart slugs
  6 orcs
  5 ball pythons
  6 endoplasms
  13 goblins
  5 hobgoblins
  3 jackals (D:2)
  2 kobolds
  4 quokkas
  4 bats
  A frilled lizard (D:1)
  7 rats
65 creatures vanquished.

Notes
Turn   | Place    | Note
-------+----------+-------------------------------------------
     0 | D:1      | qw the Deep Elf Hunter began the quest for the Orb.
     0 | D:1      | Reached XP level 1. HP: 12/12 MP: 3/3
     0 | D:1      | 0 ||| qw: Version: 0.3-a-160-g6735b56
     0 | D:1      | 0 ||| qw: Game counter: 4987
     0 | D:1      | 0 ||| qw: Melee chars always use a shield: true
     0 | D:1      | 0 ||| qw: God list: Okawaru
     0 | D:1      | 0 ||| qw: Allow faded altars: false
     0 | D:1      | 0 ||| qw: Do Orc after clearing Dungeon:15 true
     0 | D:1      | 0 ||| qw: Do second Lair branch before Depths: true
     0 | D:1      | 0 ||| qw: Lair rune preference: random
     0 | D:1      | 0 ||| qw: Goals: Normal
     0 | D:1      | 0 ||| PLANNING D:1-11
   296 | D:1      | Reached skill level 6 in Ranged Weapons
   296 | D:1      | Reached XP level 2. HP: 16/16 MP: 4/4
   589 | D:1      | 589 ||| UPGRADING to +0 ring mail.
   599 | D:1      | 599 ||| DROPPING +0 leather armour.
   600 | D:1      | 600 ||| UPGRADING to amulet of reflection.
   605 | D:1      | 605 ||| READING 3 scrolls labelled FIKKUX YFAPH.
   605 | D:1      | 605 ||| IDENTIFYING dark potion
   606 | D:1      | 606 ||| READING 2 scrolls of identify.
   606 | D:1      | 606 ||| IDENTIFYING scroll labelled VOTENI HOTIU
   607 | D:1      | 607 ||| READING scroll of brand weapon.
   607 | D:1      | 607 ||| BRANDING +0 shortbow.
   608 | D:1      | 608 ||| DROPPING scroll of butterflies.
   796 | D:2      | Noticed Jessica
   798 | D:2      | Killed Jessica
   799 | D:2      | Reached skill level 7 in Ranged Weapons
   799 | D:2      | Reached XP level 3. HP: 20/20 MP: 5/5
  1064 | D:2      | Reached XP level 4. HP: 25/25 MP: 6/6
  1087 | D:2      | Noticed Robin
  1092 | D:2      | Killed Robin
  1098 | D:2      | HP: 6/25 [goblin/+0 club[Robin] (3)]
  1099 | D:2      | 1099 ||| DRINKING potion of heal wounds.
  1368 | D:2      | 1368 ||| UPGRADING to +0 helmet.
  1373 | D:2      | 1373 ||| READING 3 scrolls of identify.
  1373 | D:2      | 1373 ||| IDENTIFYING grey potion
  1374 | D:2      | 1374 ||| DROPPING potion of magic.
  1657 | D:3      | 1657 ||| DROPPING +3 sling.
  1682 | D:3      | Reached skill level 8 in Ranged Weapons
  2204 | D:3      | 2204 ||| READING 6 scrolls of identify.
  2204 | D:3      | 2204 ||| IDENTIFYING scroll labelled GEYGEU LUYMU
  2205 | D:3      | 2205 ||| READING 5 scrolls of identify.
  2205 | D:3      | 2205 ||| IDENTIFYING 2 scrolls labelled OQOUBR JI HOA
  2206 | D:3      | 2206 ||| DROPPING scroll of poison.
  2361 | D:4      | 2361 ||| FLEEEEING.
  2362 | D:4      | 2362 ||| FLEEEEING.
  2363 | D:4      | 2363 ||| FLEEEEING.
  2364 | D:4      | 2364 ||| FLEEEEING.
  2365 | D:4      | 2365 ||| FLEEEEING.
  2366 | D:4      | 2366 ||| FLEEEEING.
  2367 | D:4      | 2367 ||| FLEEEEING.
  2367 | D:4      | HP: 5/25 [orc priest/divine providence (15)]
  2368 | D:4      | 2368 ||| READING 2 scrolls of teleportation.
  2369 | D:4      | 2369 ||| DRINKING potion of heal wounds.
  2372 | D:4      | Reached XP level 5. HP: 28/29 MP: 7/7
  2617 | D:4      | 2617 ||| FLEEEEING.
  2617 | D:4      | HP: 7/29 [orc priest/divine providence (10)]
  2618 | D:4      | 2618 ||| READING scroll of teleportation.
  2619 | D:4      | 2619 ||| FLEEEEING.
  2619 | D:4      | Killed from afar by an orc priest

Levels and vault maps discovered:
D:1:      saegor_arrival_under_anarchy, layout_loops_cross,
          dreamdust_princess_bridge
D:2:      layout_basic, minmay_misc_feat_rows, uniq_robin, uniq_jessica
D:3:      layout_loops_corners, chequers_jeans, serial_bayou_lake_a
D:4:      layout_loops_ring, eino_small_chamber_without_monster,
          nicolae_twisty_statue_hallways

Skill      XL: |  1  2  3  4 |
---------------+-------------+-----
Ranged Weapons | 6 7 8 |  8.4
Fighting       | |  1.5
Dodging        | |  2.4
Stealth        | |  1.2

Action                     |  1- 3 |  4- 6 || total
---------------------------+-------+-------++-------
   Fire: Shortbow          |    58 |    81 ||   139
    Use: Scroll            |     3 |     5 ||     8
         Potion            |       |     2 ||     2
 Armour: Leather armour    |     3 |       ||     3
         Ring mail         |     4 |    28 ||    32
  Dodge: Dodged            |    11 |    29 ||    40
  Block: Other             |     3 |    15 ||    18

Table legend:
 A = Non-vault XP
 B = Vault XP
 C = Vault XP percentage of total XP
 D = Non-vault monster count
 E = Vault monster count
 F = Vault count percentage of total count
                 A         B        C        D         E       F
            +---------+---------+-------+---------+---------+-------
      Total |     131 |      72 |  35.5 |      53 |      12 |  18.5
            +---------+---------+-------+---------+---------+-------
        D:1 |      20 |       0 |   0.0 |      14 |       0 |   0.0
        D:2 |      44 |      72 |  62.1 |      14 |      12 |  46.2
        D:3 |      47 |       0 |   0.0 |      17 |       0 |   0.0
        D:4 |      20 |       0 |   0.0 |       8 |       0 |   0.0
            +---------+---------+-------+---------+---------+-------
